 Dungeon Crawl Stone Soup version 0.30.0-29-ga12c61a403 (webtiles) character file.

Game seed: 10745912262440384826

180 qw the Chopper (level 5, -2/32 HPs)
             Began as a Gargoyle Fighter on June 4, 2023.
             Slain by an orc wizard
             ... wielding a +0 dagger
              (4 damage)
             ... on level 3 of the Dungeon.
             The game lasted 00:01:11 (1814 turns).

qw the Chopper (Gargoyle Fighter)                   Turns: 1814, Time: 00:01:12

Health: -2/32      AC: 13    Str: 21    XL:     5   Next: 60%
Magic:  5/5        EV:  9    Int:  9    God:
Gold:   111        SH:  0    Dex:  9    Spells: 4/4 levels left

rFire   . . .        Y - +3 war axe (heavy)
rCold   . . .        c - +0 buckler
rNeg    + . .        b - +0 scale mail
rPois   inf          m - +0 helmet
rElec   +            p - +0 cloak
rCorr   .            (no gloves)
SInv    .            (no boots)
Will    .....        (no amulet) Stlth
                     (no ring)
HPRegen 0.25/turn    (no ring)
MPRegen 0.09/turn

%: no passive effects
@: confused
A: sickness immunity, AC +4, negative energy resistance 1, electricity
resistance, torment resistance 1, petrification resistance
a: no special abilities


You were on level 3 of the Dungeon.
You visited 1 branch of the dungeon, and saw 3 of its levels.

You collected 111 gold pieces.


Innate Abilities, Weirdness & Mutations

You are immune to sickness and miasma.
Your stone body is resilient. (AC +4)
You are immune to poison.
You resist negative energy. (rN+)
You are resistant to electric shocks. (rElec)
You are resistant to unholy torment.
You are immune to petrification.


   Skills:
 + Level 3.4 Fighting
 - Level 5.1 Axes
 - Level 3.2 Armour
 - Level 3.2 Shields


You had 4 spell levels left.
You didn't know any spells.
Your spell library was empty.

Inventory:

Hand Weapons
 o - a +0 whip
 Y - a +3 heavy war axe (weapon)
Armour
 b - a +0 scale mail (worn)
 c - a +0 buckler (worn)
 m - a +0 helmet (worn)
 p - a +0 cloak (worn)
Potions
 a - a potion of degeneration {unknown}
 d - 2 potions of might
 e - a potion of attraction {unknown}
 h - 2 potions of haste
 i - a potion of invisibility {unknown}
 l - a potion of mutation {unknown}
 n - a potion of magic {unknown}
 r - a potion of curing {unknown}

Dungeon Overview and Level Annotations

Branches:
Dungeon (3/15)

Altars:

Shops:
D:1 [


Message History

You hit the orc but do no damage. You hit something. You closely miss the orc.
Something hits you but does no damage. The orc barely misses you.
The orc hits you but does no damage. x2; Something hits you.
The orc hits you but does no damage.
You hit the orc.
You kill the orc!
You slash something! You barely miss the orc.
The orc hits you but does no damage.
You hear some strange, mumbled words.
A magic dart appears from out of thin air!
The magic dart hits you! Something hits you but does no damage.
The orc hits you but does no damage.
You slice the orc!!
You kill the orc!
You hit something. Something hits you but does no damage.
You hear some strange, mumbled words.
You are confused.
You bump into the rock wall.
Something hits you but does no damage.
You bump into the rock wall.
Something hits you but does no damage.
You miss something.
You hear some strange, mumbled words.
You are more confused.
Something hits you but does no damage.
You closely miss something. Something hits you.
You bump into the rock wall.
You hear some strange, mumbled words.
A magic dart appears from out of thin air!
The magic dart hits you. Something hits you but does no damage.
Things that are here:
a +0 whip; a +0 leather armour; an orc corpse You closely miss something.
You hear some strange, mumbled words.
A puff of flame appears from out of thin air!
The puff of flame hits you! Something hits you.
You die...

..#### .. ..#...##.#
#......#.# #........#
#........# #........#
#.....#.# ##.....@)#
#......{.# #......).#
#........## #........<##
######## ..#.#....##)%#
#......#
.....#..####.###......#
..........# #..##......#
.##.....#.####.##......#


There were no monsters in sight!

Vanquished Creatures
  Jessica (D:2)
  Natasha (thrice) (D:2)
  Robin (D:2)
  2 worms (D:2)
  2 dart slugs
  4 orcs (D:3)
  2 endoplasms (D:2)
  2 giant cockroaches
  13 goblins
  7 hobgoblins (D:2)
  A kobold (D:1)
  A quokka (D:1)
  4 ball pythons
  2 bats
  4 frilled lizards
  4 rats
  A spectral hobgoblin (D:1)
54 creatures vanquished.

Vanquished Creatures (others)
  A bat (D:1)
1 creature vanquished.

Grand Total: 55 creatures vanquished

Notes
Turn   | Place    | Note
-------+----------+-------------------------------------------
     0 | D:1      | qw the Gargoyle Fighter began the quest for the Orb.
     0 | D:1      | Reached XP level 1. HP: 14/14 MP: 1/1
     0 | D:1      | 0 ||| qw: Version: 0.2-a-107-g4668610
     0 | D:1      | 0 ||| qw: Game counter: 1240
     0 | D:1      | 0 ||| qw: Always use a shield: true
     0 | D:1      | 0 ||| qw: God list: Okawaru
     0 | D:1      | 0 ||| qw: Allow faded altars: false
     0 | D:1      | 0 ||| qw: Do Orc after D:15 true
     0 | D:1      | 0 ||| qw: Do second Lair branch before Depths: true
     0 | D:1      | 0 ||| qw: Lair rune preference: random
     0 | D:1      | 0 ||| qw: Plans: Normal, Zot:1-4, Slime:5, God:TSO, Crypt,
                  | Tomb, Abyss, Pan, Hells, Win
     0 | D:1      | 0 ||| PLANNING D:1-11
    13 | D:1      | Found a faded altar of an unknown god.
   108 | D:1      | Reached skill level 2 in Axes
   164 | D:1      | HP: 2/14 [quokka (3)]
   221 | D:1      | 221 ||| Stepping ~*~*~tactically~*~*~ (hiding).
   229 | D:1      | Reached XP level 2. HP: 18/19 MP: 2/2
   233 | D:1      | 233 ||| Stepping ~*~*~tactically~*~*~ (stealth).
   566 | D:1      | 566 ||| DROPPING orb of guile.
   577 | D:1      | 577 ||| READING scroll labelled BINUXTU DUGU.
   588 | D:1      | 588 ||| DRINKING 2 fizzy emerald potions.
   761 | D:1      | Found Mastruori's Antique Armour Shop.
   770 | D:1      | 770 ||| SHOPLISTING chain mail (108 gold, have 50).
   770 | D:1      | 770 ||| SHOPLISTING pair of runed gloves (180 gold, have
                  | 50).
   879 | D:1      | 879 ||| READING scroll labelled GARYGAHORO.
   965 | D:2      | Reached skill level 3 in Axes
  1005 | D:2      | Reached XP level 3. HP: 23/23 MP: 3/3
  1058 | D:2      | Noticed Jessica
  1059 | D:2      | 1059 ||| Stepping ~*~*~tactically~*~*~ (stealth).
  1063 | D:2      | Killed Jessica
  1077 | D:2      | Reached XP level 4. HP: 28/28 MP: 4/4
  1081 | D:2      | 1081 ||| READING scroll of enchant weapon.
  1081 | D:2      | 1081 ||| ENCHANTING +1 heavy war axe.
  1084 | D:2      | 1084 ||| Stepping ~*~*~tactically~*~*~ (stealth).
  1085 | D:2      | 1085 ||| Stepping ~*~*~tactically~*~*~ (stealth).
  1097 | D:2      | 1097 ||| READING scroll of enchant weapon.
  1097 | D:2      | 1097 ||| ENCHANTING +2 heavy war axe.
  1124 | D:2      | Noticed Robin
  1125 | D:2      | 1125 ||| Stepping ~*~*~tactically~*~*~ (hiding).
  1126 | D:2      | 1126 ||| Stepping ~*~*~tactically~*~*~ (hiding).
  1127 | D:2      | 1127 ||| Stepping ~*~*~tactically~*~*~ (hiding).
  1130 | D:2      | Killed Robin
  1131 | D:2      | Reached skill level 4 in Axes
  1177 | D:2      | 1177 ||| DROPPING +0 club.
  1193 | D:2      | 1193 ||| Stepping ~*~*~tactically~*~*~ (stealth).
  1248 | D:2      | Noticed Natasha
  1250 | D:2      | Killed Natasha
  1252 | D:2      | Reached XP level 5. HP: 27/32 MP: 5/5
  1323 | D:2      | Noticed Natasha
  1331 | D:2      | Killed Natasha
  1681 | D:2      | Noticed Natasha
  1684 | D:2      | Killed Natasha
  1685 | D:2      | Reached skill level 5 in Axes
  1711 | D:2      | 1711 ||| UPGRADING to +0 helmet.
  1716 | D:2      | 1716 ||| UPGRADING to +0 cloak.
  1721 | D:2      | 1721 ||| READING scroll labelled WIFYT ORYTHU.
  1722 | D:2      | 1722 ||| READING scroll labelled XITWIRH QICVAELL.
  1723 | D:2      | 1723 ||| READING scroll labelled OSHOXOPETE.
  1726 | D:2      | 1726 ||| READING scroll labelled QIYFABR RAME.
  1727 | D:2      | 1727 ||| DRINKING 2 glowing puce potions.
  1728 | D:2      | 1728 ||| DRINKING 2 fizzy orange potions.
  1729 | D:2      | 1729 ||| DROPPING potion of flight.
  1730 | D:2      | 1730 ||| DROPPING potion of brilliance.
  1740 | D:3      | 1740 ||| PLANNING SEWER
  1814 | D:3      | HP: 2/32 [something/puff of flame (12)]
  1814 | D:3      | Slain by an orc wizard

Levels and vault maps discovered:
D:1:      dpeg_arrival_tiny_f, layout_loops_ring, serial_shops,
          nicolae_shop_just_a_little_nook,
          dreamdust_ecumenical_altar_drowned_temple, lemuel_flame_loot_1
D:2:      layout_basic, uniq_robin, uniq_natasha, uniq_jessica
D:3:      layout_rooms, mainiacjoe_overflow_chevrons,
          cheibrodos_sewer_entry_bend

Skill      XL: |  1  2  3  4  5 |
---------------+----------------+-----
Axes           | 2 3 4 5 |  5.1
Fighting       | |  3.4
Armour         | |  3.2
Shields        | |  3.2

Action                     |  1- 3 |  4- 6 || total
---------------------------+-------+-------++-------
  Melee: War axe           |    67 |    48 ||   115
    Use: Scroll            |     2 |     6 ||     8
         Potion            |     1 |     2 ||     3
 Armour: Scale mail        |    22 |    46 ||    68
  Dodge: Dodged            |    31 |    22 ||    53
  Block: Buckler           |     6 |     4 ||    10

Table legend:
 A = Non-vault XP
 B = Vault XP
 C = Vault XP percentage of total XP
 D = Non-vault monster count
 E = Vault monster count
 F = Vault count percentage of total count
                 A         B        C        D         E       F
            +---------+---------+-------+---------+---------+-------
      Total |     150 |     108 |  41.9 |      40 |      14 |  25.9
            +---------+---------+-------+---------+---------+-------
        D:1 |      25 |       1 |   3.8 |      16 |       1 |   5.9
        D:2 |     112 |     107 |  48.9 |      19 |      13 |  40.6
        D:3 |      13 |       0 |   0.0 |       5 |       0 |   0.0
            +---------+---------+-------+---------+---------+-------
